Map: Molten Temple

Players

steve

  • Race: Zerg Zerg
  • League: Diamond
  • Spawn Location: 9:00

Børinga

  • Race: Zerg Zerg
  • League: Platinum
  • Spawn Location: 9:00

Cyclone

  • Race: Protoss Protoss
  • Spawn Location: 9:00

Loken

  • Race: Zerg Zerg
  • League: Platinum
  • Spawn Location: 3:00

Myran

  • Race: Protoss Protoss
  • Spawn Location: 3:00

dallaskuken

  • Race: Protoss Protoss
  • League: Platinum
  • Spawn Location: 3:00

VOD

Have the link to the VOD?

Description

Time

  • Played on: April 5, 2017, 7:04 p.m.
  • Length: 16:34
Show
View Real Time Build Order
Export as new Build Order

steve Zerg 

Build Orders: Hatch First 

Get SALT Encoding   

  12  0:01  Drone  
  13  0:14  Overlord  
  13  0:19  Drone  
  14  0:34  Drone x2  
  16  0:40  Drone  
  17  0:59  Hatchery  
  16  1:06  Drone  
  17  1:13  Spawning Pool  
  17  1:17  Drone x2  
  18  1:30  Drone x2  
  20  1:58  Hatchery  
  20  2:00  Queen  
  21  2:01  Zergling x2  
  22  2:18  Queen  
  24  2:23  Drone x4  
  24  2:29  Overlord  
  28  2:37  Extractor  
  28  2:42  Queen  
  28  2:43  Extractor  
  29  2:54  Drone  
  29  2:55  Drone x4  
  34  3:04  Overlord  
  33  3:22  Queen  
  33  3:26  Drone x7  
  42  3:36  Roach Warren  
  42  3:37  Queen, Extractor  
  42  3:58  Overlord x3  
  42  3:59  Overlord  
  42  4:20  Lair  
  42  4:23  Drone x6  
  42  4:24  Drone x8  
  56  4:28  Overlord  
  56  4:33  Spore Crawler  
  56  4:35  Spore Crawler  
  56  4:38  Spore Crawler  
  53  4:42  Lair  
  53  4:45  Extractor  
  53  4:47  Drone  
  53  4:48  Drone, Extractor  
  53  5:02  Roach x6  
  65  5:09  Drone, Evolution Chamber  
  65  5:10  Drone x2  
  65  5:12  Drone x2  
  65  5:14  Drone  
  70  5:15  Drone  
  71  5:25  Drone x2  
  71  5:26  Drone x2  
  75  5:29  Drone x2  
  77  5:39  Overlord x4  
  77  5:44  Infestation Pit  
  77  5:45  Drone  
  77  5:46  Drone x4  
  77  5:48  Ravager  
  82  5:53  Overlord x3  
  82  6:08  Hatchery  
  81  6:21  Pathogen Glands  
  81  6:30  Roach x13  
  81  6:31  Roach x2  
  111  6:40  Pneumatized Carapace  
  111  6:41  Glial Reconstitution  
  111  6:44  Evolution Chamber  
  110  6:51  Zerg Missile Weapons Level 1  
  110  7:08  Extractor  
  110  7:09  Extractor  
  110  7:10  Drone x3  
  110  7:11  Drone x3  
  110  7:12  Queen x2  
  118  7:17  Infestor x2  
  118  7:22  Queen, Drone  
  123  7:23  Drone x10  
  135  7:32  Zerg Ground Armor Level 1  
  135  7:44  Spore Crawler  
  135  7:46  Spore Crawler  
  133  7:51  Burrow  
  133  7:56  Neural Parasite  
  133  8:02  Hive  
  133  8:07  Infestor  
  133  8:09  Extractor x2  
  133  8:26  Ravager x4  
  137  8:48  Drone  
  137  8:49  Drone x6  
  137  8:50  Overlord x6  
  137  8:51  Overlord  
  144  9:03  Tunneling Claws  
  144  9:04  Zerg Missile Weapons Level 2  
  144  9:08  Ravager x9  
  153  9:28  Infestor x3  
  159  9:36  Overseer  
  159  9:37  Overseer x2  
  159  9:51  Ravager x3  
  159  9:52  Ravager x4  
  166  10:01  Spire  
  112  10:38  Roach x20  
  112  10:39  Roach x18  
  176  10:51  Overlord x2  
  176  10:52  Overlord x4  
  176  11:13  Drone  
  176  11:14  Drone x14, Spore Crawler  
  176  11:15  Ravager x2  
  176  11:16  Spore Crawler, Ravager x9  
  176  11:17  Ravager, Spore Crawler x2  
  199  11:18  Greater Spire  
  187  11:50  Extractor  
  187  11:51  Spore Crawler  
  187  11:52  Extractor, Spore Crawler  
  187  11:53  Spore Crawler  
  182  11:54  Spore Crawler  
  182  11:55  Hatchery  
  150  12:52  Drone  
  150  12:53  Drone x2  
  150  12:54  Drone x3  
  156  13:05  Ravager  
  157  13:06  Ravager x17  
  157  13:07  Ravager x2  
  157  13:12  Infestor x6  
  184  13:13  Infestor x2  
  192  13:20  Extractor  
  191  13:47  Overlord x2  
  191  13:50  Zerg Flyer Weapons Level 1  
  191  14:14  Overseer x3  
  191  14:17  Overlord  
  191  14:18  Overlord  
  116  15:45  Roach x18  
  116  15:46  Roach x16  
  176  16:07  Ravager  
  176  16:09  Ravager  
  186  16:21  Drone x3  
  186  16:22  Drone x2  
Show
View Real Time Build Order
Export as new Build Order

Børinga Zerg 

Build Orders: Hatch First 

Get SALT Encoding   

  12  0:01  Drone  
  13  0:10  Drone  
  14  0:24  Drone, Extractor  
  14  0:25  Drone, Extractor  
  16  0:45  Hatchery  
  15  0:56  Extractor  
  14  0:59  Overlord  
  14  1:08  Spawning Pool  
  13  1:12  Drone  
  14  1:19  Drone  
  14  1:20  Drone  
  14  1:25  Drone  
  17  1:35  Drone  
  18  1:45  Drone  
  19  1:56  Queen, Drone  
  22  2:03  Queen  
  24  2:09  Metabolic Boost  
  24  2:13  Drone  
  25  2:16  Drone  
  25  2:19  Drone  
  25  2:21  Drone  
  28  2:27  Overlord  
  28  2:37  Overlord  
  28  2:46  Drone x2  
  28  2:47  Drone  
  28  2:50  Overlord  
  31  2:57  Drone  
  32  2:59  Drone  
  33  3:06  Drone  
  33  3:12  Hatchery, Drone x2  
  35  3:16  Drone x2  
  35  3:17  Drone  
  35  3:19  Drone  
  39  3:21  Drone  
  40  3:27  Drone x2  
  42  3:35  Extractor  
  42  3:37  Drone, Extractor  
  42  3:38  Drone  
  42  3:39  Drone  
  43  3:41  Lair  
  43  3:45  Overlord  
  43  3:46  Extractor  
  43  3:47  Overlord  
  42  3:56  Drone x2  
  42  3:59  Drone x3  
  42  4:00  Drone  
  48  4:08  Drone  
  48  4:09  Drone  
  50  4:11  Extractor, Overlord  
  50  4:13  Drone x2, Extractor  
  50  4:23  Drone x3  
  53  4:25  Drone x3  
  53  4:26  Queen  
  56  4:44  Drone x2  
  56  4:45  Drone, Spore Crawler  
  58  4:49  Drone  
  58  4:51  Queen  
  61  4:53  Spore Crawler  
  61  4:57  Drone x3  
  63  5:00  Spore Crawler  
  63  5:03  Spire  
  61  5:32  Hatchery  
  60  5:41  Overlord x2  
  60  5:46  Overlord x2  
  60  5:56  Drone  
  60  5:57  Drone x5  
  62  5:58  Drone x2, Overlord  
  62  5:59  Overlord  
  68  6:14  Mutalisk x4  
  68  6:15  Mutalisk x7  
  90  6:34  Spore Crawler  
  90  6:37  Mutalisk x3  
  90  6:38  Mutalisk x5  
  90  6:39  Mutalisk  
  107  6:46  Spore Crawler  
  106  6:51  Spore Crawler  
  106  6:52  Drone x2  
  106  6:53  Drone x2, Extractor  
  108  7:14  Mutalisk x3  
  108  7:15  Mutalisk x4  
  118  7:17  Drone x2  
  118  7:18  Drone  
  118  7:22  Extractor  
  120  7:36  Mutalisk x4  
  108  7:44  Mutalisk  
  108  7:47  Zergling x2  
  108  7:48  Zergling x12  
  108  7:49  Zergling x8  
  103  8:03  Drone x3  
  103  8:04  Drone  
  103  8:05  Drone x4  
  111  8:14  Zerg Flyer Weapons Level 1  
  111  8:18  Mutalisk x5  
  121  8:26  Spore Crawler  
  120  8:31  Overlord  
  120  8:32  Overlord x2  
  120  8:45  Overseer  
  120  8:46  Overseer  
  120  8:57  Drone x2  
  120  8:58  Drone x12  
  120  8:59  Drone x3  
  120  9:01  Spore Crawler  
  120  9:02  Spore Crawler  
  135  9:03  Spore Crawler  
  135  9:04  Spore Crawler  
  135  9:05  Spine Crawler  
  135  9:07  Spine Crawler x2  
  135  9:09  Mutalisk  
  130  9:10  Mutalisk x3  
  130  9:13  Evolution Chamber x2  
  136  9:31  Spore Crawler  
  136  9:32  Spore Crawler  
  136  9:33  Spine Crawler  
  136  9:35  Spore Crawler  
  136  9:36  Mutalisk x7  
  136  9:37  Mutalisk x7  
  160  9:41  Zerg Melee Weapons Level 1, Zerg Ground Armor Level 1  
  160  9:42  Overlord x3  
  160  9:47  Spore Crawler  
  160  9:51  Infestation Pit  
  158  9:53  Drone  
  158  9:54  Drone  
  160  10:00  Spine Crawler, Spore Crawler  
  154  10:19  Spore Crawler  
  154  10:20  Spine Crawler  
  150  10:29  Hive  
  150  10:31  Zerg Flyer Weapons Level 2  
  150  10:35  Queen  
  150  10:36  Spire  
  150  10:38  Spore Crawler x3  
  150  10:40  Spore Crawler  
  150  10:41  Drone x6  
  150  10:42  Drone x5  
  158  10:43  Overlord x3  
  158  10:53  Spine Crawler  
  158  10:56  Mutalisk x3  
  158  10:57  Mutalisk x7  
  159  10:58  Mutalisk x3  
  159  11:00  Overlord x2  
  183  11:26  Zergling x4  
  183  11:27  Zergling x14  
  183  11:28  Zergling x8  
  196  11:39  Spine Crawler  
  195  11:41  Spine Crawler  
  194  11:48  Zerg Flyer Armor Level 1  
  194  11:49  Zerg Melee Weapons Level 2  
  194  11:50  Zerg Ground Armor Level 2  
  194  11:58  Spine Crawler  
  193  12:02  Zergling x2  
  193  12:03  Zergling x12  
  199  12:09  Adrenal Glands  
  183  12:27  Mutalisk  
  183  12:28  Mutalisk x7  
  183  12:29  Mutalisk x2  
  199  12:30  Mutalisk x2  
  199  12:31  Mutalisk  
  182  13:04  Zerg Flyer Weapons Level 3  
  130  13:52  Mutalisk  
  130  13:53  Mutalisk x11  
  154  14:01  Mutalisk  
  154  14:02  Mutalisk x5  
  166  14:16  Queen  
  166  14:19  Mutalisk x4  
  171  14:24  Zergling x2  
  171  14:25  Zergling x6  
  175  14:39  Mutalisk  
  175  14:40  Mutalisk x4  
  185  14:46  Zergling x8  
  185  14:47  Zergling x12  
  185  14:48  Hatchery  
  185  14:49  Hatchery  
  185  14:50  Hatchery  
  192  15:31  Mutalisk x3  
Show
View Real Time Build Order
Export as new Build Order

Cyclone Protoss 

Build Orders:  

Get SALT Encoding   

  12  0:01  Probe (Chrono Boost)  
  13  0:12  Probe (Chrono Boost)  
  14  0:18  Pylon  
  14  0:23  Probe (Chrono Boost)  
  15  0:36  Gateway  
  15  0:40  Probe (Chrono Boost)  
  16  0:55  Assimilator  
  16  0:59  Probe (Chrono Boost)  
  17  1:16  Probe (Chrono Boost)  
  18  1:23  Cybernetics Core  
  18  1:27  Pylon, Probe (Chrono Boost)  
  19  1:40  Probe (Chrono Boost)  
  20  1:50  Assimilator, Probe (Chrono Boost)  
  20  1:53  Pylon  
  21  2:03  Mothership Core (Chrono Boost)  
  23  2:23  Warp Gate  
  23  2:27  Probe (Chrono Boost)  
  24  2:41  Stalker  
  24  2:47  Nexus  
  24  2:50  Pylon  
  26  3:01  Pylon  
  26  3:07  Stalker  
  28  3:26  Robotics Facility  
  28  3:31  Pylon  
  28  3:44  Stalker  
  28  3:48  Gateway  
  30  4:00  Probe (Chrono Boost)  
  30  4:01  Probe (Chrono Boost)  
  32  4:10  Probe (Chrono Boost)  
  32  4:13  Probe (Chrono Boost)  
  32  4:15  Immortal  
  34  4:21  Probe (Chrono Boost)  
  40  4:25  Probe (Chrono Boost)  
  40  4:31  Probe (Chrono Boost)  
  40  4:37  Probe (Chrono Boost)  
  41  4:50  Pylon  
  41  4:53  Pylon  
  41  5:01  Twilight Council  
  41  5:04  Pylon  
  41  5:06  Gateway, Assimilator  
  41  5:08  Probe (Chrono Boost)  
  41  5:09  Probe (Chrono Boost)  
  43  5:19  Probe (Chrono Boost)  
  43  5:20  Stalker x2  
  43  5:21  Probe (Chrono Boost)  
  45  5:29  Probe (Chrono Boost)  
  45  5:33  Probe (Chrono Boost)  
  45  5:42  Blink  
  45  5:43  Immortal  
  49  5:51  Stalker  
  51  6:16  Forge  
  51  6:17  Immortal  
  55  6:35  Stalker x2  
  59  6:49  Assimilator  
  59  6:54  Probe x2 (Chrono Boost)  
  61  6:58  Stalker  
  61  7:00  Stalker  
  65  7:04  Stalker  
  65  7:06  Probe x2 (Chrono Boost)  
  69  7:13  Protoss Ground Weapons Level 1  
  69  7:18  Probe x2 (Chrono Boost)  
  69  7:19  Observer  
  72  7:38  Observer  
  73  7:52  Stalker x2  
  73  7:53  Stalker  
  73  7:54  Immortal  
  83  8:25  Stalker x3  
  89  8:40  Immortal  
  93  11:04  Immortal  
  97  11:06  Sentry  
  97  11:10  Stalker  
  100  12:34  Stalker  
  102  12:39  Immortal  
  102  12:42  Pylon  
  102  12:43  Pylon  
  88  12:45  Pylon  
  88  12:47  Pylon  
  72  12:52  Gateway  
  72  12:56  Gateway  
  62  12:59  Gateway  
  62  13:01  Pylon  
  50  13:18  Immortal  
  54  13:57  Warp Prism  
Show
View Real Time Build Order
Export as new Build Order

Loken Zerg 

Build Orders: Pool First 

Get SALT Encoding   

  12  0:01  Drone  
  13  0:08  Drone  
  14  0:17  Overlord  
  14  0:36  Spawning Pool  
  14  0:37  Drone  
  14  0:41  Drone  
  15  0:46  Drone  
  16  0:50  Drone  
  17  1:02  Drone, Extractor  
  17  1:10  Drone  
  18  1:21  Drone  
  18  1:23  Queen  
  21  1:33  Overlord  
  21  1:42  Drone  
  22  1:54  Hatchery  
  21  2:03  Zergling x2  
  21  2:04  Zergling x2  
  23  2:09  Metabolic Boost  
  23  2:15  Drone  
  24  2:17  Extractor  
  23  2:26  Drone  
  24  2:32  Drone x3  
  27  3:06  Zergling x2  
  27  3:07  Zergling x12  
  27  3:08  Queen  
  36  3:21  Lair  
  36  3:27  Overlord x2  
  36  3:52  Drone  
  36  3:53  Drone x6  
  43  4:00  Spore Crawler  
  42  4:07  Spore Crawler  
  42  4:08  Drone  
  42  4:09  Drone x2  
  44  4:15  Hatchery  
  43  4:24  Spire  
  42  4:32  Drone  
  42  4:33  Drone x3  
  42  4:35  Drone  
  47  4:51  Extractor  
  46  4:53  Drone  
  46  4:54  Drone x3, Extractor  
  49  5:06  Drone  
  52  5:07  Drone x2  
  52  5:29  Queen  
  52  5:30  Overlord x2  
  52  5:31  Overlord x2  
  54  5:41  Drone x3  
  57  5:47  Drone  
  58  5:50  Drone x2  
  58  5:54  Queen  
  58  5:55  Queen  
  64  6:04  Queen  
  66  6:29  Mutalisk  
  66  6:30  Mutalisk x11  
  90  6:34  Overlord x2  
  86  7:03  Mutalisk  
  86  7:04  Mutalisk x4  
  86  7:47  Overlord  
  86  7:48  Overlord x6  
  61  8:34  Mutalisk  
  61  8:35  Mutalisk x8  
  61  8:36  Hatchery  
  78  8:44  Hatchery  
  77  9:14  Mutalisk x5  
  87  9:19  Zerg Flyer Weapons Level 1  
  87  9:42  Mutalisk x2  
  91  10:00  Mutalisk x2  
  91  10:02  Overlord x2  
  91  10:03  Overlord x4  
  91  10:04  Overlord x5  
  91  10:05  Overlord x3  
  95  10:19  Zergling x10  
  95  10:20  Zergling x18  
  109  10:59  Drone  
  109  11:00  Drone x5  
  109  11:01  Drone x5  
  109  11:02  Drone x4  
  124  11:14  Hatchery  
  124  11:17  Mutalisk  
  124  11:18  Mutalisk x6  
  125  11:23  Extractor  
  125  11:24  Extractor  
  121  11:40  Mutalisk  
  121  11:41  Mutalisk x3  
  114  12:09  Zergling x2  
  114  12:10  Zergling x24  
  87  12:48  Mutalisk  
  87  12:49  Mutalisk x5  
  50  13:26  Zergling x2  
  51  13:27  Zergling x16  
  59  13:45  Zergling x6  
  62  14:01  Hatchery  
  39  15:15  Zergling x14  
  39  15:16  Zergling x10  
  10  16:08  Zergling x6  
  10  16:09  Zergling x6  
  15  16:12  Zergling x2  
  15  16:13  Zergling x24  
Show
View Real Time Build Order
Export as new Build Order

Myran Protoss 

Build Orders:  

Get SALT Encoding   

  12  0:03  Probe (Chrono Boost)  
  13  0:14  Probe (Chrono Boost)  
  14  0:19  Pylon  
  14  0:24  Probe (Chrono Boost)  
  15  0:37  Probe (Chrono Boost)  
  15  0:40  Gateway  
  16  0:48  Probe (Chrono Boost)  
  17  0:55  Assimilator  
  17  0:58  Probe (Chrono Boost)  
  18  1:09  Probe (Chrono Boost)  
  19  1:16  Pylon  
  19  1:26  Probe (Chrono Boost)  
  19  1:28  Zealot  
  22  1:36  Probe (Chrono Boost)  
  22  1:37  Cybernetics Core  
  23  1:46  Assimilator  
  24  1:47  Probe (Chrono Boost)  
  24  1:52  Gateway  
  24  1:57  Probe (Chrono Boost)  
  24  2:00  Warp Gate  
  25  2:08  Probe (Chrono Boost)  
  26  2:18  Stalker  
  26  2:20  Probe (Chrono Boost)  
  29  2:40  Pylon  
  29  2:41  Stalker  
  29  2:43  Pylon  
  31  2:57  Stalker  
  33  3:02  Pylon  
  33  3:08  Probe (Chrono Boost)  
  33  3:11  Stalker, Twilight Council  
  36  3:23  Probe (Chrono Boost)  
  36  3:26  Robotics Facility  
  37  3:45  Probe (Chrono Boost)  
  38  3:53  Nexus  
  38  4:07  Stalker, Zealot  
  42  4:14  Observer  
  42  4:16  Probe (Chrono Boost)  
  44  4:22  Pylon  
  44  4:31  Forge  
  44  4:35  Immortal  
  48  4:45  Stalker x2  
  52  4:58  Pylon  
  52  5:01  Pylon  
  52  5:12  Assimilator  
  52  5:17  Stalker, Assimilator  
  52  5:21  Zealot  
  56  5:27  Probe (Chrono Boost)  
  57  5:38  Blink, Probe (Chrono Boost)  
  57  5:42  Protoss Ground Weapons Level 1  
  58  5:47  Zealot  
  60  5:57  Gateway  
  60  6:02  Probe (Chrono Boost)  
  61  6:05  Probe (Chrono Boost)  
  62  6:12  Probe (Chrono Boost)  
  62  6:13  Immortal  
  62  6:15  Probe (Chrono Boost)  
  68  6:24  Stalker x2  
  72  6:48  Dark Shrine  
  72  6:49  Zealot  
  72  6:50  Zealot  
  76  6:57  Immortal  
  80  7:01  Probe (Chrono Boost)  
  81  7:12  Probe (Chrono Boost)  
  82  7:16  Stalker x3  
  82  8:03  Probe (Chrono Boost)  
  83  8:08  Pylon  
  83  8:09  Immortal  
  83  8:10  Stalker x2  
  83  8:11  Stalker  
  93  8:13  Probe (Chrono Boost)  
  94  8:24  Pylon  
  94  8:27  Pylon  
  94  8:30  Pylon  
  94  8:33  Protoss Ground Weapons Level 2  
  94  8:38  Charge  
  94  8:46  Nexus  
  94  8:57  Dark Templar  
  94  9:00  Dark Templar  
  98  9:13  Archon  
  98  9:17  Stalker  
  98  9:21  Immortal  
  104  9:31  Assimilator  
  104  9:36  Assimilator  
  104  9:41  Probe (Chrono Boost)  
  105  9:52  Dark Templar x2, Probe (Chrono Boost)  
  110  10:05  Archon  
  110  10:09  Probe (Chrono Boost)  
  66  10:49  Dark Templar x2  
  70  10:52  Stalker  
  72  11:18  Archon  
  37  11:48  Dark Templar x2  
  37  11:50  Immortal  
  37  11:52  Probe (Chrono Boost)  
  45  12:03  Probe (Chrono Boost)  
  27  12:13  Probe (Chrono Boost)  
    13:16  Probe (Chrono Boost)  
  1  13:26  Probe (Chrono Boost)  
  2  13:37  Probe (Chrono Boost)  
  2  13:39  Pylon  
  3  13:47  Probe (Chrono Boost)  
Show
View Real Time Build Order
Export as new Build Order

dallaskuken Protoss 

Build Orders: Oracle Opening 

Get SALT Encoding   

  12  0:01  Probe (Chrono Boost)  
  13  0:12  Probe (Chrono Boost)  
  14  0:18  Pylon  
  14  0:23  Probe (Chrono Boost)  
  15  0:36  Probe (Chrono Boost)  
  15  0:39  Gateway  
  16  0:46  Probe (Chrono Boost)  
  17  0:53  Assimilator  
  18  0:57  Probe (Chrono Boost)  
  18  1:07  Probe (Chrono Boost)  
  18  1:09  Assimilator  
  19  1:18  Probe (Chrono Boost)  
  20  1:28  Cybernetics Core, Probe (Chrono Boost)  
  21  1:37  Pylon  
  21  1:39  Probe (Chrono Boost)  
  22  1:50  Probe (Chrono Boost)  
  23  2:00  Probe (Chrono Boost)  
  24  2:07  Stalker  
  26  2:11  Probe (Chrono Boost)  
  27  2:22  Mothership Core (Chrono Boost), Stargate  
  29  2:40  Probe (Chrono Boost)  
  29  2:42  Nexus  
  30  2:45  Assimilator  
  30  2:50  Probe (Chrono Boost)  
  31  3:05  Assimilator  
  31  3:10  Pylon  
  31  3:12  Pylon  
  31  3:29  Oracle  
  31  3:31  Probe (Chrono Boost)  
  35  3:42  Probe (Chrono Boost)  
  36  3:52  Probe (Chrono Boost)  
  37  3:59  Stargate  
  37  4:01  Stargate, Probe (Chrono Boost)  
  38  4:03  Probe (Chrono Boost)  
  39  4:12  Probe (Chrono Boost)  
  40  4:22  Probe (Chrono Boost)  
  41  4:33  Probe (Chrono Boost)  
  42  4:46  Probe (Chrono Boost)  
  43  4:55  Fleet Beacon  
  43  4:57  Probe (Chrono Boost)  
  44  5:02  Probe (Chrono Boost)  
  44  5:05  Pylon  
  45  5:07  Probe (Chrono Boost)  
  45  5:12  Probe (Chrono Boost)  
  45  5:14  Void Ray x3  
  59  5:23  Probe (Chrono Boost)  
  66  5:56  Void Ray  
  70  6:23  Protoss Air Weapons Level 1  
  70  6:35  Pylon x2  
  70  6:36  Pylon  
  70  6:44  Pylon x2  
  70  6:46  Pylon  
  70  6:49  Pylon  
  70  6:50  Pylon  
  70  6:52  Pylon  
  70  6:53  Pylon  
  70  6:55  Carrier x2, Pylon  
  70  6:57  Pylon  
  82  7:14  Probe (Chrono Boost)  
  83  7:20  Nexus  
  83  7:22  Assimilator  
  83  7:25  Assimilator, Probe (Chrono Boost)  
  84  7:35  Probe (Chrono Boost)  
  82  7:46  Probe (Chrono Boost)  
  83  7:58  Carrier  
  83  8:02  Protoss Air Weapons Level 2  
  89  8:11  Probe (Chrono Boost)  
  90  8:21  Carrier x2  
  90  8:22  Probe (Chrono Boost)  
  103  8:31  Cybernetics Core  
  103  8:32  Probe (Chrono Boost)  
  104  8:43  Probe (Chrono Boost)  
  105  8:49  Probe (Chrono Boost)  
  105  8:53  Probe (Chrono Boost)  
  105  8:55  Protoss Air Armor Level 1  
  107  8:59  Probe (Chrono Boost)  
  109  9:10  Probe (Chrono Boost)  
  109  9:12  Stargate  
  109  9:13  Stargate  
  109  9:24  Carrier  
  109  9:30  Forge  
  115  9:46  Carrier  
  115  9:51  Carrier  
  127  10:30  Protoss Air Weapons Level 3  
  127  10:34  Carrier x2  
  139  10:50  Carrier  
  145  11:12  Carrier  
  151  11:20  Carrier  
  73  12:47  Carrier x4  
  73  13:12  Protoss Air Armor Level 2  
  68  13:39  Probe (Chrono Boost)  
  68  13:40  Probe (Chrono Boost)  
  70  13:50  Probe (Chrono Boost)  
  70  13:51  Probe (Chrono Boost)  
  72  14:01  Probe (Chrono Boost)  
  74  14:03  Probe (Chrono Boost)  
  74  14:11  Probe (Chrono Boost)  
  74  14:12  Carrier  
  74  14:15  Probe (Chrono Boost)  
  94  14:22  Probe (Chrono Boost)  
  95  14:28  Probe (Chrono Boost)  
Tags
 
Add a new tag
Caveats
  • Supply blocks, unpowered buildings, or Contaminate may cause inaccurate times.
  • Supply counts are checked every 10 seconds.